 Dungeon Crawl Stone Soup version 0.31-a0-1205-g5e5e916 (webtiles) character file.

Game seed: 16698888854801908792

638750 Squiddy the Orthodox (level 27, -5/266 HPs)
             Began as a Hill Orc Fighter on Dec 12, 2023.
             Was an Elder of Zin.
             Killed by divine providence
             ... invoked by a smoke demon
              (15 damage)
             ... on level 6 of the Abyss on Dec 13, 2023.
             The game lasted 06:01:33 (84301 turns).

Squiddy the Orthodox (Hill Orc Fighter)            Turns: 84301, Time: 06:01:34

Health: -5/266     AC: 47    Str: 51    XL:     27
Magic:  49/49      EV:  8    Int: 19    God:    Zin [****..]
Gold:   140        SH: 28    Dex: 21    Spells: 11/39 levels left

rFire   + . .        I - +6 broad axe of the Slime-mould {freeze, rC+++ rCorr Int+2 Stlth-}
rCold   + + +        z - +2 tower shield of Bely {Rampage *Corrode rPois Str+6}
rNeg    + . .        u - +9 gold dragon scales
rPois   ∞            P - +0 helmet of the Learner {Dex+2}
rElec   .            w - +2 cloak
rCorr   +            c - +2 pair of gloves {hurl}
SInv    +            Q - +2 pair of boots {Fly}
Will    ++...        m - amulet of Liewneg {Reflect Rampage Fly rPois SH+5} Stlth
                     N - ring "Ivinkeh" {rPois rN+ rCorr Str+3}
HPRegen 0.64/turn    A - ring of Jiceluj {rPois MP+9 SInv}
MPRegen 0.31/turn

%: corrode self (3%), reflection, rampage
@: vitalised, about to teleport, on recite cooldown, flying, studying Necromancy
A: no potion heal 1
0: Orb of Zot
}: 3/15 runes: decaying, serpentine, silver
a: Renounce Religion, Recite, Vitalisation, Imprison, Donate Gold


You were on level 6 of the Abyss.
You worshipped Zin.
Zin was greatly pleased with you.
You visited 12 branches of the dungeon, and saw 52 of its levels.
You visited the Abyss 1 time.
You also visited: Ossuary, Gauntlet, Ice Cave and Desolation.

You collected 9485 gold pieces.
You spent 4875 gold pieces at shops.
You donated 4470 gold pieces to Zin.

Inventory:

Hand Weapons
 o - the +11 hand axe of the Yoke {protect, *Rage rElec rPois Int+4}
   (You found it on level 2 of the Dungeon)

   Int+4:     It affects your intelligence (+4).
   rElec:     It insulates you from electricity.
   rPois:     It protects you from poison *Rage: It berserks you when you make
   melee attacks (+20% chance).
 I - the +6 broad axe of the Slime-mould (weapon) {freeze, rC+++ rCorr Int+2 Stlth-}
   (You acquired it on level 2 of the Lair of Beasts)

   Int+2:     It affects your intelligence (+2).
   rC+++:     It renders you almost immune to cold.
   rCorr:     It protects you from acid and corrosion.
   Stlth-:    It makes you less stealthy.
Missiles
 j - 45 poisoned darts
 C - a throwing net
 R - 32 boomerangs (quivered)
 U - 7 javelins
Armour
 c - a +2 pair of gloves of hurling (worn)
 n - the scarf of the Grue {rC+ rF+, Dex+6 Slay-3}
   (You found it on level 3 of the Crypt)

   Dex+6:     It affects your dexterity (+6).
   Slay-3:    It affects your accuracy & damage with ranged weapons and melee
   (-3).
 q - the +7 plate armour of Kazud {Will++}
   (You bought it in a shop on level 1 of the Vaults)

   Will++:    It greatly increases your willpower.
 u - +9 gold dragon scales (worn)
 w - a +2 cloak (worn)
 z - the +2 tower shield of Bely (worn) {Rampage *Corrode rPois Str+6}
   (You took it off Louise on level 15 of the Dungeon)

   Str+6:     It affects your strength (+6).
   rPois:     It protects you from poison *Corrode: It may corrode you when you
   take damage.
   Rampage:   It bestows one free step when moving towards enemies.
 P - the +0 helmet of the Learner (worn) {Dex+2}
   (You found it on level 10 of the Dungeon)

   Dex+2:     It affects your dexterity (+2).
 Q - a +2 pair of boots of flying (worn)
Jewellery
 a - a ring of fire
 b - the ring of Kuheis {EV+5 Dex+3 Stlth+}
   (You found it on level 2 of the Elven Halls)

   [ring of evasion]

   EV+5:      It affects your evasion (+5).
   Dex+3:     It affects your dexterity (+3).
   Stlth+:    It makes you more stealthy.
 d - a ring of protection from fire
 m - the amulet of Liewneg (around neck) {Reflect Rampage Fly rPois SH+5}
   (You bought it in a shop on level 5 of the Realm of Zot)

   [amulet of reflection]

   Reflect:   It reflects blocked missile attacks.
   rPois:     It protects you from poison Fly: It grants you flight.
   SH+5:      It affects your SH (+5).
   Rampage:   It bestows one free step when moving towards enemies.
 r - a ring of magical power
 y - the ring of Laxipyv {Str+6 Dex+4}
   (You found it on level 5 of the Vaults)

   [ring of strength]

   Str+6:     It affects your strength (+6).
   Dex+4:     It affects your dexterity (+4).
 A - the ring of Jiceluj (right hand) {rPois MP+9 SInv}
   (You acquired it on level 2 of the Swamp)

   [ring of magical power]

   rPois:     It protects you from poison MP+9: It affects your magic capacity
   (+9).
   SInv:      It lets you see invisible.
 J - the ring of Payd {rC- rN+ Dex+6}
   (You found it on level 3 of the Crypt)

   [ring of positive energy]

   Dex+6:     It affects your dexterity (+6).
   rC-:       It makes you vulnerable to cold.
   rN+:       It protects you from negative energy.
 K - the ring of the Greedy {rC+ Str+2}
   (You took it off a tengu reaver on level 5 of the Vaults)

   [ring of protection from cold]

   Str+2:     It affects your strength (+2).
   rC+:       It protects you from cold.
 N - the ring "Ivinkeh" (left hand) {rPois rN+ rCorr Str+3}
   (You found it on level 3 of the Crypt)

   [ring of positive energy]

   Str+3:     It affects your strength (+3).
   rPois:     It protects you from poison rN+: It protects you from negative
   energy.
   rCorr:     It protects you from acid and corrosion.
 S - the ring of Woqosieh {Wiz Int+3}
   (You took it off Frederick on level 3 of the Depths)

   [ring of wizardry]

   Wiz:       It improves your spell success rate.
   Int+3:     It affects your intelligence (+3).
 V - the amulet "Lapatamuf" {Fly Regen+ rCorr Int+3 Dex-2}
   (You found it in a Gauntlet)

   [amulet of regeneration]

   Int+3:     It affects your intelligence (+3).
   Dex-2:     It affects your dexterity (-2).
   Fly:       It grants you flight.
   Regen+:    It increases your rate of health regeneration.
   rCorr:     It protects you from acid and corrosion.
 W - the ring of Wepontunt {EV+5 Int+2 Dex-2 Slay+2 SInv}
   (You found it on level 4 of the Realm of Zot)

   [ring of evasion]

   EV+5:      It affects your evasion (+5).
   Int+2:     It affects your intelligence (+2).
   Dex-2:     It affects your dexterity (-2).
   Slay+2:    It affects your accuracy & damage with ranged weapons and melee
   (+2).
   SInv:      It lets you see invisible.
Wands
 v - a wand of digging (24)
Scrolls
 g - 5 scrolls of teleportation
 i - 3 scrolls of summoning
 p - 3 scrolls of fog
 s - a scroll of enchant weapon
 E - 5 scrolls of fear
 G - 2 scrolls of revelation
 M - 2 scrolls of poison
 Z - 5 scrolls of silence
Potions
 e - 3 potions of might
 f - 4 potions of heal wounds
 h - 4 potions of resistance
 k - 26 potions of curing
 l - 4 potions of berserk rage
 t - 10 potions of enlightenment
 x - 4 potions of invisibility
 B - 2 potions of magic
 D - 11 potions of brilliance
 H - 5 potions of mutation
 L - 2 potions of ambrosia
 O - 7 potions of attraction
 T - 2 potions of cancellation


   Skills:
 + Level 25.1 Fighting
 - Level 18.0 Axes
 - Level 19.4 Throwing
 + Level 23.1 Armour
 - Level 5.0 Stealth
 - Level 15.3 Shields
 - Level 6.9 Spellcasting
 - Level 7.8 Hexes
 - Level 18.1 Summonings
 - Level 2.1 Translocations
 - Level 10.7 Earth Magic
 O Level 27 Invocations


You had 11 spell levels left.
You knew the following spells:

 Your Spells              Type           Power      Damage    Failure   Level
a - Blink                 Tloc           28%        N/A       32%         2
b - Apportation           Tloc           28%        N/A       22%         1
c - Animate Armour        Summ/Erth      100%       N/A       1%          4
d - Sandblast             Erth           94%        2d19      1%          1
e - Passwall              Tmut/Erth      21%        N/A       9%          2
f - Leda's Liquefaction   Hex/Erth       20%        N/A       12%         4
g - Summon Mana Viper     Hex/Summ       54%        N/A       8%          5
h - Stone Arrow           Conj/Erth      52%        3d10      19%         3
i - Summon Cactus Giant   Summ           33%        N/A       4%          6

Your spell library contained the following spells:

 Spells                   Type           Power      Damage    Failure   Level
 Summon Small Mammal      Summ           100%       N/A       1%          1
 Call Canine Familiar     Summ           66%        N/A       1%          3
 Summon Guardian Golem    Hex/Summ       54%        N/A       1%          3
 Slow                     Hex            100%       N/A       2%          1
 Jinxbite                 Hex            72%        N/A       3%          2
 Confusing Touch          Hex            36%        N/A       6%          3
 Sigil of Binding         Hex            36%        N/A       6%          3
 Tukima's Dance           Hex            36%        N/A       6%          3
 Summon Ice Beast         Ice/Summ       41%        N/A       13%         4
 Summon Lightning Spire   Summ/Air       41%        N/A       13%         4
 Lee's Rapid Deconstruct  Erth           23%        3d13*     19%         5
 Monstrous Menagerie      Summ           33%        N/A       26%         7
 Lesser Beckoning         Tloc           28%        N/A       32%         2
 Dazzling Flash           Conj/Hex       42%        N/A       32%         3
 Inner Flame              Hex/Fire       21%        N/A       32%         3
 Momentum Strike          Conj/Tloc      20%        3d8       47%         2
 Foxfire                  Conj/Fire      24%        2x1d5     50%         1
 Freeze                   Ice            24%        1d4       50%         1
 Magic Dart               Conj           24%        1d4       50%         1
 Shock                    Conj/Air       24%        1d4       50%         1
 Sting                    Tmut/Pois      24%        1d4       50%         1
 Brom's Barrelling Bould  Conj/Erth      26%        2d5       52%         4
 Petrify                  Tmut/Erth      26%        N/A       52%         4
 Gell's Gravitas          Tloc           14%        N/A       54%         3
 Teleport Other           Tloc           14%        N/A       54%         3
 Dimensional Bullseye     Hex/Tloc       12%        N/A       56%         4
 Cigotuvi's Dreadful Rot  Necr/Pois/Air  12%        N/A       63%         2
 Poisonous Vapours        Pois/Air       12%        N/A       63%         2
 Searing Ray              Conj           12%        2d4       63%         2
 Static Discharge         Conj/Air       12%        3-4/arc   63%         2
 Sublimation of Blood     Necr           6%         N/A       63%         2
 Volatile Blastmotes      Fire/Tloc      20%        2d11      71%         3
 Fulminant Prism          Conj/Hex       10%        3d9       71%         4
 Hailstorm                Conj/Ice       6%         3d5       86%         3
 Ignite Poison            Fire/Tmut/Pois 6%         N/A       86%         3
 Mephitic Cloud           Conj/Pois/Air  6%         N/A       86%         3
 Ozocubu's Armour         Ice            6%         N/A       86%         3
 Swiftness                Air            6%         N/A       86%         3
 Vampiric Draining        Necr           6%         2d6       86%         3
 Manifold Assault         Tloc           14%        N/A       91%         4
 Metabolic Englaciation   Hex/Ice        10%        N/A       96%         5
 Silence                  Hex/Air        10%        N/A       96%         5
 Yara's Violent Unravell  Hex/Tmut       10%        3d6       96%         5
 Iskenderun's Mystic Bla  Conj/Tloc      10%        2d4       98%         4
 Vhi's Electric Charge    Tloc/Air       20%        N/A       98%         4
 Airstrike                Air            3%         2d(1-17)  99%         4
 Olgreb's Toxic Radiance  Pois           6%         N/A       99%         4
 Agony                    Necr           6%         N/A       100%        5
 Alistair's Intoxication  Tmut/Pois      4%         N/A       100%        5
 Arcjolt                  Conj/Air       3%         1d13      100%        5
 Fireball                 Conj/Fire      3%         3d4       100%        5
 Freezing Cloud           Conj/Ice/Air   3%         6-21      100%        5
 Irradiate                Conj/Tmut      3%         3d12      100%        5
 Iskenderun's Battlesphe  Conj           6%         2d6       100%        5
 Bombard                  Conj/Erth      13%        9d3       100%        6
 Conjure Ball Lightning   Conj/Air       3%         3x3d6     100%        6
 Dispersal                Tloc           7%         N/A       100%        6
 Plasma Beam              Fire/Air       3%         2x1d13    100%        6
 Simulacrum               Ice/Necr       3%         N/A       100%        6
 Starburst                Conj/Fire      3%         6d3       100%        6
 Enfeeble                 Hex            18%        N/A       100%        7
 Haunt                    Necr/Summ      20%        N/A       100%        7
 Orb of Destruction       Conj           3%         9d5       100%        7
 Ozocubu's Refrigeration  Ice            3%         4d8       100%        7
 Spellforged Servitor     Conj/Summ      20%        N/A       100%        7
 Disjunction              Tloc           7%         N/A       100%        8
 Maxwell's Capacitive Co  Air            3%         ∞         100%        8
 Chain Lightning          Conj/Air       3%         3d4       100%        9
 Dragon's Call            Summ           33%        N/A       100%        9


Dungeon Overview and Level Annotations

Branches:
Dungeon (15/15)            Temple (1/1) D:4            Lair (5/5) D:8
  Swamp (4/4) Lair:2        Snake (4/4) Lair:3        Slime (0/5) Lair:5
    Orc (2/2) D:10            Elf (3/3) Orc:2        Vaults (5/5) D:14
  Crypt (3/3) Vaults:2       Tomb (0/3) Crypt:3      Depths (4/4) D:15
   Hell (visited)             Geh (0/7) Hell            Coc (0/7) Hell
    Tar (0/7) Hell            Zot (5/5) Depths:4    Ossuary (visited)
  IceCv (visited)         Desolation (visited)      Gauntlet (visited)
    Dis: Hell:1

Altars:
Ashenzari
Cheibriados
Dithmenos
Elyvilon
Fedhas
Gozag
Hepliaklqana
Kikubaaqudgha
Makhleb
Nemelex Xobeh
Okawaru
Qazlal
Ru
Sif Muna
Trog
Uskayaw
Vehumet
Wu Jian
Xom
Yredelemnul
Zin
The Shining One
Beogh

Shops:
D:1 *   D:3 (   D:14 (   D:15 *   Orc:1 =   Orc:2 *[=([   Elf:2 =   Elf:3 (
Snake:2 :   Vaults:1 [*=   Vaults:2 (   Vaults:3 *   Zot:5 *   Depths:4 (:(*

Portals:
Hell: Depths:1 Depths:2 Depths:3 Depths:4
Abyss: D:5 Depths:2 Depths:3
Pandemonium: Depths:2
Ziggurat: Depths:3
Trove: D:14 (give +4 ice dragon scales)

Annotations:
D:12 exclusions: ice statue and orange crystal statue
Lair:3 exclusion: 2 oklob plants
Snake:1 5 transporters


Innate Abilities, Weirdness & Mutations

Potions are less effective at restoring your health.


Message History

A chorus of shrieks assaults your mind.
* * * LOW HITPOINT WARNING * * *
Okay, then.
Blink to where?
Press: ? - help, Dir - move target
As you read the scroll of blinking, it crumbles to dust. "...be faithful, and that the punishment for unfaithfulness..."
You hear a roar!
A starcursed mass splits.
Your system partially rejects the healing.
You feel much better. "...shall be swift and harsh!"
You finish reciting Apostates 17:9.
A starcursed mass splits. x3
The abyss shimmers again as the detected abyssal rune vanishes from your memory and reappears.
A deafening chorus of shrieks assaults your mind!
* * * LOW HITPOINT WARNING * * *
A starcursed mass splits.
A smoke demon comes into view.
The smoke demon roars!
The thrashing horror attacks as it pursues you!
You block the thrashing horror's attack.
The thrashing horror tramples you but does no damage.
The smoke demon gestures at you. Something smites you!
Zin protects you from harm!
You block the thrashing horror's attack. x2
A starcursed mass splits.
Okay, then.
Okay, then.
Blink to where?
Press: ? - help, Dir - move target
As you read the scroll of blinking, it crumbles to dust.
This place cannot be mapped!
As you read the scroll of teleportation, it crumbles to dust.
You feel strangely unstable.
You feel the power of the Abyss delaying your translocation!
The smoke demon gestures at you. Something smites you!
You die...

# # ..##.
#....###
##...@#
.#..3.# #
###.######
.##..##.#
#.#....#
#.#.X##
#.##..#
#...X.# .#
#XXX###


You could see a smoke demon.

Vanquished Creatures
  3 dread liches
  Frederick (Depths:3)
  3 ancient liches (Zot:5)
  Mara (Depths:3)
  3 orbs of fire (Zot:5)
  Vv (Depths:3)
  Sojobo (Vaults:2)
  Vashnia (Snake:4)
  Saint Roka (Crypt:3)
  A curse toe (Zot:4)
  4 Killer Klowns (Zot:5)
  Geryon (Hell)
  9 golden dragons
  A profane servitor (Crypt:3)
  2 bone dragons
  6 electric golems
  Zenata (Crypt:2)
  27 Orb Guardians
  5 liches
  24 tentacled monstrosities
  3 quicksilver dragons
  2 deep elf master archers (Elf:3)
  7 deep elf blademasters
  2 titans
  An Executioner (D:14)
  An acid blob (Zot:3)
  5 ancient champions
  8 sphinxes
  A tentacled starspawn (Abyss:6)
  Kirke (D:15)
  3 thorn hunters (Swamp:4)
  Donald (Snake:4)
  10 death cobs
  10 shadow dragons
  12 tengu reavers
  17 storm dragons
  A draconian monk (Zot:2)
  2 revenants (Crypt:1)
  A fenstrider witch (Swamp:1)
  2 nagarajas
  7 draconian knights
  7 frost giants
  8 deep elf sorcerers
  21 vault wardens
  9 fire giants
  3 iron dragons
  2 ghost moths (Zot:4)
  Louise (D:15)
  4 draconian scorchers
  8 deep elf elementalists
  2 orc warlords
  2 balrugs
  A juggernaut zombie (Depths:1)
  8 draconian shifters
  2 curse skulls
  9 ghouls
  A cacodemon (D:10)
  The ghost of Eggoleu the Gelid, a journeyman DEBr of Vehumet (Elf:2)
  8 reapers
  4 war gargoyles
  11 draconian annihilators
  33 very ugly things
  3 draconian stormcallers
  18 stone giants
  2 formless jellyfish
  21 ironbound preservers
  8 ironbound thunderhulks
  14 green draconians
  5 vampire knights
  15 white draconians
  4 deep elf annihilators (Elf:3)
  Nessos (D:13)
  4 deep elf demonologists
  A minotaur (Gauntlet)
  4 eleionomae
  20 red draconians
  A halazid warlock (Hell)
  15 yellow draconians
  A dire elephant (Vaults:1)
  9 purple draconians
  19 black draconians
  A bunyip (Swamp:3)
  7 spark wasps
  15 eidola
  A mummy priest (Crypt:3)
  A merfolk javelineer (Depths:2)
  24 ettins
  A blizzard demon (Depths:1)
  A green death (Zot:3)
  2 shambling mangroves
  4 merfolk impalers
  2 iron golems (Hell)
  3 ragged hierophants (Desolation)
  A kraken zombie (Hell)
  A fire dragon (Depths:1)
  Josephine (Lair:4)
  3 entropy weavers
  4 deep elf death magi
  7 deep elf high priests
  9 jiangshi
  7 great orbs of eyes
  21 yaktaur captains
  3 spriggan zombies
  2 rakshasas
  2 servants of whispers (Desolation)
  37 vault guards
  20 hydras
  4 salamander tyrants
  The ghost of Zoacsaen the Carver, a journeyman DsFi of Trog (Lair:2)
  A spriggan skeleton (Crypt:2)
  6 ice dragons
  A sphinx zombie (Vaults:1)
  4 peacekeepers
  12 alligators
  A fenstrider witch zombie (Crypt:3)
  A ghost crab (Swamp:2)
  An ogre mage (D:14)
  3 catoblepae
  3 spriggan air magi
  8 anacondas
  6 vampire magi
  9 centaur warriors
  3 death knights (Crypt:3)
  7 ironbound frosthearts
  3 deep troll shamans
  A titan zombie (Depths:3)
  9 naga warriors
  10 two-headed ogres
  17 death yaks
  25 dancing weapons
  An Orb Guardian skeleton (Crypt:1)
  4 boulder beetles
  7 deep troll earth magi
  6 tengu warriors
  A demonic crawler (Hell)
  7 hell hogs
  6 orc high priests
  25 deep elf knights
  7 soul eaters
  6 shock serpents
  6 spriggan berserkers
  3 occultists
  4 thrashing horrors (Abyss:6)
  17 naga sharpshooters
  3 sun demons (Hell)
  14 hell knights
  Urug (Lair:1)
  A titan skeleton (Depths:3)
  A spark wasp zombie (Crypt:1)
  A sea snake (shapeshifter) (Vaults:5)
  4 sixfirhies
  A skyshark (shapeshifter) (Vaults:5)
  3 wretched stars
  A skyshark (Lair:3)
  6 iron trolls
  7 salamander mystics
  A golden dragon zombie (Depths:3)
  2 death drakes
  A bunyip zombie (Crypt:3)
  5 goliath frogs
  2 spriggan druids
  9 bog bodies
  3 shadow wraiths
  26 skeletal warriors
  3 glowing orange brains
  20 swamp dragons
  61 deep trolls
  14 flayed ghosts
  8 sea snakes (Snake:2)
  22 phantasmal warriors
  9 deep elf archers
  2 anaconda zombies
  A shadow demon (Hell)
  10 naga ritualists
  11 necromancers
  2 lindwurms (shapeshifter) (Vaults:5)
  20 ironbound convokers
  12 lindwurms
  5 arcanists
  2 alligator zombies (Hell)
  10 mana vipers
  An anaconda skeleton (Hell)
  24 deep elf zephyrmancers
  5 steelbarb worms (Swamp:1)
  A wolf spider zombie (Crypt:2)
  4 cyclopes
  22 deep elf pyromancers
  13 orc knights
  5 harpies
  29 ugly things
  A worldbinder (Abyss:5)
  3 alligator skeletons (Hell)
  3 orc sorcerers (Orc:2)
  2 will-o-the-wisps
  3 tengu skeletons
  2 dire elephant zombies (Crypt:3)
  2 manticores
  2 wolf spiders (Crypt:3)
  26 elephants
  34 moths of wrath
  A large abomination (Abyss:6)
  3 guardian serpents
  An alligator snapping turtle zombie (Crypt:2)
  18 vault sentinels
  An ice statue (IceCv)
  9 salamanders
  2 kobold blastminers (Orc:2)
  34 slime creatures
  3 centaur zombies
  41 black mambas
  Joseph (D:8)
  2 rust devils (Hell)
  11 smoke demons
  A spectral centaur (Gauntlet)
  23 naga magi
  A water nymph (shapeshifter) (Vaults:5)
  3 molten gargoyles
  A torpor snail (Lair:4)
  A spectral redback (Gauntlet)
  2 gargoyles
  A yaktaur zombie (Vaults:1)
  A hellion (Hell)
  10 cane toads
  2 unseen horrors
  4 freezing wraiths
  12 komodo dragons
  42 yaktaurs
  An ice devil (Gauntlet)
  4 rime drakes
  2 elf zombies
  3 anaconda simulacra
  5 trolls
  3 ancient zymes
  4 harpy zombies (Crypt:3)
  2 tengu conjurers
  A guardian mummy (Crypt:3)
  A bloated husk (Swamp:2)
  14 tyrant leeches
  A red devil (Hell)
  A death drake zombie (Crypt:1)
  A meliai (shapeshifter) (D:15)
  2 polar bears
  21 saltlings
  A hydra zombie (Crypt:2)
  An ettin zombie (Crypt:3)
  16 hornets
  A death drake skeleton (Crypt:2)
  A harpy skeleton (Crypt:1)
  A hydra skeleton (Hell)
  20 blink frogs
  4 raiju (Abyss:6)
  2 dream sheep (shapeshifter) (Vaults:5)
  5 jumping spiders (Crypt:3)
  A snapping turtle (shapeshifter) (Vaults:5)
  3 air elementals
  A jumping spider (shapeshifter) (Elf:3)
  Sigmund (D:2)
  A stone giant simulacrum (Depths:1)
  The ghost of rotlqkf the Conjurer, an amateur DECj of Sif Muna (D:5)
  A vampire (D:9)
  16 spriggans
  A dire elephant simulacrum (IceCv)
  A ynoxinul (Abyss:6)
  4 wyverns
  A slime creature zombie (Crypt:1)
  2 nameless horrors (Zot:5)
  An ushabti (Crypt:3)
  2 fire elementals
  14 water elementals
  11 wraiths
  6 basilisks
  5 starcursed masses
  7 hogs (D:15)
  A human (D:14)
  4 chaos spawn
  A neqoxec (Abyss:5)
  45 yaks
  2 steam dragons (D:8)
  11 vampire mosquitoes
  3 wargs
  Menkaure (D:5)
  A death yak simulacrum (IceCv)
  4 redbacks
  3 small abominations
  A harpy simulacrum (IceCv)
  25 swamp worms
  2 acid dragons (D:12)
  10 water moccasins
  23 nagas
  3 naga zombies (Crypt:3)
  Duvessa (D:6)
  2 glowing shapeshifter skeletons
  A two-headed ogre skeleton (Crypt:1)
  A hydra simulacrum (IceCv)
  An ice beast (D:6)
  11 swamp drakes
  47 orc warriors
  A lindwurm zombie (Crypt:2)
  3 black bears
  12 centaurs
  4 ogres
  17 wolves
  A phantom (Crypt:3)
  A kobold brigand (D:6)
  9 two-headed ogre simulacra (IceCv)
  A wyvern zombie (Crypt:1)
  13 bullfrogs
  13 necrophages (Crypt:3)
  3 earth elementals
  A gnoll sergeant (D:8)
  4 scorpions
  7 wights
  2 cane toad simulacra (IceCv)
  7 wyvern skeletons (Crypt:3)
  Dowan (D:6)
  A cyclops skeleton (Crypt:1)
  2 elephant simulacra (IceCv)
  16 killer bees (D:8)
  15 electric eels
  5 howler monkeys
  7 jellies
  21 orc priests
  2 gnoll boudas
  3 hounds
  24 orc wizards
  Terence (D:2)
  2 iguanas
  6 sleepcaps
  A polar bear simulacrum (IceCv)
  8 spriggan simulacra
  8 troll simulacra (IceCv)
  4 wolf simulacra (IceCv)
  A mummy (Crypt:3)
  6 adders
  12 gnolls
  4 naga simulacra (IceCv)
  A shadow imp (D:4)
  11 white imps
  6 ufetubi
  2 adder zombies
  An iguana skeleton (Crypt:1)
  2 dart slugs
  63 orcs
  10 ball pythons
  A bat skeleton (Crypt:1)
  8 endoplasms
  3 giant cockroaches
  7 goblins
  8 hobgoblins
  6 jackals (D:1)
  5 quokkas
  2 ball python skeletons (Ossuary)
  12 bats
  A frilled lizard skeleton (Crypt:2)
  A hobgoblin skeleton (Ossuary)
  16 kobolds
  A kobold zombie (Ossuary)
  3 orc skeletons (Ossuary)
  An orc zombie (Ossuary)
  6 rats
  A spectral orc (D:7)
  A spectral weapon (Swamp:3)
  3 starspawn tentacles (Abyss:6)
  2 tentacles (Hell)
2471 creatures vanquished.

Vanquished Creatures (collateral kills)
  Parghit (Zot:2)
  A golden dragon (Zot:3)
  3 tentacled monstrosities
  3 shadow dragons
  A storm dragon (Zot:3)
  A draconian scorcher (Zot:3)
  4 very ugly things (Zot:3)
  An ironbound preserver (Vaults:4)
  A green draconian (Zot:3)
  A black draconian (Zot:3)
  4 purple draconians
  4 red draconians (Zot:3)
  A yellow draconian (Zot:4)
  A green death (Zot:3)
27 creatures vanquished.

Vanquished Creatures (others)
  A golden dragon (Zot:2)
  An alligator (Swamp:2)
  A manticore (D:15)
  A tengu conjurer (Depths:2)
  An ufetubus (IceCv)
  5 foxfires
  A lurking horror (Abyss:6)
  23 starspawn tentacles
  3 tentacles (Hell)
37 creatures vanquished.

Grand Total: 2535 creatures vanquished

Notes
Turn   | Place    | Note
-------+----------+-------------------------------------------
     0 | D:1      | Squiddy the Hill Orc Fighter began the quest for the Orb.
     0 | D:1      | Reached XP level 1. HP: 19/19 MP: 1/1
    89 | D:1      | Reached XP level 2. HP: 25/26 MP: 2/2
   219 | D:1      | Reached XP level 3. HP: 31/31 MP: 3/3
   363 | D:1      | Reached skill level 5 in Axes
   420 | D:1      | Found Ziamp's Assorted Antiques.
   981 | D:2      | Reached XP level 4. HP: 39/39 MP: 4/4
   982 | D:2      | Noticed Sigmund
  1010 | D:2      | Killed Sigmund
  1011 | D:2      | Reached XP level 5. HP: 8/45 MP: 5/5
  1199 | D:2      | Noticed Terence
  1207 | D:2      | Killed Terence
  1208 | D:2      | Reached XP level 6. HP: 51/51 MP: 6/6
  1545 | D:2      | Identified the +11 hand axe of the Yoke {protect, *Rage
                  | rElec rPois Int+4}
  1966 | D:4      | Found a staircase to the Ecumenical Temple.
  1975 | Temple   | Entered the Ecumenical Temple
  1996 | Temple   | Became a worshipper of Zin the Law-Giver
  1996 | Temple   | Reached * piety under Zin
  2102 | D:4      | Found a sand-covered staircase.
  2107 | Ossuary  | Entered an ossuary
  2277 | Ossuary  | Noticed a wraith
  2277 | Ossuary  | Noticed a flying skull
  2288 | Ossuary  | Noticed a wraith
  2293 | Ossuary  | Killed a wraith
  2294 | Ossuary  | Reached skill level 2 in Invocations
  2294 | Ossuary  | Reached XP level 7. HP: 57/57 MP: 6/8
  2314 | Ossuary  | Noticed a flying skull
  2332 | Ossuary  | Noticed a flying skull
  2394 | Ossuary  | Reached skill level 10 in Axes
  2396 | Ossuary  | Noticed a flying skull
  2407 | Ossuary  | Noticed a wraith
  2415 | Ossuary  | Killed a wraith
  2416 | Ossuary  | Reached skill level 3 in Invocations
  3156 | D:3      | Reached skill level 4 in Invocations
  3219 | D:3      | Found Weeczi Miank's Weapon Boutique.
  3240 | D:3      | Reached ** piety under Zin
  3936 | D:5      | Entered Level 5 of the Dungeon
  3944 | D:5      | Reached XP level 8. HP: 50/64 MP: 11/11
  4014 | D:5      | Reached *** piety under Zin
  4018 | D:5      | Identified the ring of the Clean God {Fly rF- Str+3}
  4087 | D:5      | Reached skill level 5 in Invocations
  4241 | D:5      | Found a one-way gate to the infinite horrors of the Abyss.
  4241 | D:5      | Noticed rotlqkf's ghost (amateur DECj)
  4241 | D:5      | Noticed an ancient zyme
  4288 | D:5      | Noticed Menkaure
  4300 | D:5      | Killed Menkaure
  4358 | D:5      | Found a transporter.
  4370 | D:5      | Found a transporter.
  4387 | D:5      | Killed rotlqkf's ghost
  4391 | D:5      | Reached skill level 6 in Invocations
  4393 | D:5      | Killed an ancient zyme
  4402 | D:5      | Reached XP level 9. HP: 50/70 MP: 12/14
  4666 | D:5      | Reached skill level 7 in Invocations
  5245 | D:6      | Noticed Duvessa
  5245 | D:6      | Noticed Dowan
  5253 | D:6      | Killed Duvessa
  5255 | D:6      | Killed Dowan
  5486 | D:7      | Reached skill level 8 in Invocations
  5699 | D:6      | Reached **** piety under Zin
  5848 | D:6      | Reached skill level 5 in Fighting
  6430 | D:7      | Reached ***** piety under Zin
  6482 | D:7      | Found a hazy altar of Hepliaklqana.
  6950 | D:7      | Reached skill level 5 in Armour
  6955 | D:7      | Reached skill level 9 in Invocations
  6955 | D:7      | Reached XP level 10. HP: 81/81 MP: 16/16
  7299 | D:8      | Noticed Joseph
  7306 | D:8      | Killed Joseph
  7344 | D:8      | Noticed a boulder beetle
  7372 | D:8      | Killed a boulder beetle
  7528 | D:8      | Found a runed translucent door.
  7528 | D:8      | Noticed a sixfirhy
  7604 | D:8      | Killed a sixfirhy
  7605 | D:8      | Reached skill level 5 in Shields
  7669 | D:8      | Reached skill level 10 in Invocations
  8275 | D:8      | Found a sacrificial altar of Ru.
  8414 | D:8      | Reached XP level 11. HP: 94/94 MP: 17/19
  8421 | D:8      | Found a staircase to the Lair.
  8468 | D:8      | Reached skill level 11 in Invocations
  9112 | Lair:1   | Entered Level 1 of the Lair of Beasts
  9125 | Lair:1   | You are sucked into a shaft and drop 1 floor!
  9702 | Lair:1   | Noticed Urug
  9713 | Lair:1   | Killed Urug
  9839 | Lair:1   | Reached skill level 12 in Invocations
 10926 | Lair:2   | Reached skill level 10 in Shields
 10937 | Lair:2   | Reached XP level 12. HP: 90/101 MP: 21/21
 11129 | Lair:2   | Reached skill level 13 in Invocations
 11286 | Lair:2   | Found a runed translucent door.
 11286 | Lair:2   | Found a shimmering altar of Xom.
 11286 | Lair:2   | Noticed Zoacsaen's ghost (journeyman DsFi)
 11308 | Lair:2   | Killed Zoacsaen's ghost
 12021 | Lair:2   | Identified 3 scrolls of acquirement
 12021 | Lair:2   | Acquired the +6 broad axe of the Slime-mould {freeze, rC+++
                  | rCorr Int+2 Stlth-}
 12022 | Lair:2   | Acquired 726 gold pieces
 12025 | Lair:2   | Reached ****** piety under Zin
 12092 | Lair:2   | Acquired the amulet "Ybytz" {rN+ Regen+}
 12401 | Lair:2   | Found a staircase to the Swamp.
 12647 | Lair:3   | Noticed a skyshark
 12655 | Lair:3   | Killed a skyshark
 12770 | Lair:3   | Reached skill level 14 in Invocations
 12932 | Lair:3   | Reached skill level 10 in Fighting
 13264 | Lair:3   | Noticed a six-headed hydra
 13434 | D:9      | Noticed a two-headed ogre
 13441 | D:9      | Killed a two-headed ogre
 13619 | D:10     | Entered Level 10 of the Dungeon
 13619 | D:10     | Found a snail-covered altar of Cheibriados.
 13620 | D:10     | Found a sparkling altar of Nemelex Xobeh.
 13624 | D:10     | Identified the +4 chain mail of Ynkor {Harm}
 13671 | D:10     | Reached XP level 13. HP: 79/114 MP: 23/23
 13729 | D:10     | Found a staircase to the Orcish Mines.
 14132 | D:9      | Found a burning altar of Makhleb.
 14452 | D:10     | Identified the +0 helmet of the Learner {Dex+2}
 14541 | Orc:1    | Entered Level 1 of the Orcish Mines
 14634 | Orc:1    | Reached skill level 10 in Armour
 14670 | Orc:1    | Found Yjoo's Jewellery Shoppe.
 14824 | Orc:1    | Found a frozen archway.
 14838 | IceCv    | Entered an ice cave
 15040 | IceCv    | Reached skill level 15 in Invocations
 15093 | IceCv    | Identified the +0 leather armour of the Sun {Str+3 Int-3
                  | Dex+6}
 15937 | Orc:2    | Entered Level 2 of the Orcish Mines
 16038 | Orc:2    | Reached skill level 1 in Throwing
 16146 | Orc:2    | Found Ygomy's Antique Armour Shoppe.
 16160 | Orc:2    | Found a roughly hewn altar of Beogh.
 16230 | Orc:2    | Found a staircase to the Elven Halls.
 16446 | Orc:2    | Noticed an orc warlord
 16928 | Orc:2    | Reached skill level 5 in Throwing
 16989 | Orc:2    | Killed an orc warlord
 17066 | Orc:2    | Found Taururur's General Store.
 17067 | Orc:2    | Found Doproots's Jewellery Shoppe.
 17068 | Orc:2    | Found Uqui's Antique Armour Shoppe.
 17068 | Orc:2    | Found Veklerohi's Antique Weapon Emporium.
 17153 | Orc:2    | Bought a glowing broad axe for 161 gold pieces
 17582 | D:1      | Bought a shiny helmet for 150 gold pieces
 17582 | D:1      | Bought a fizzy purple potion for 18 gold pieces
 18194 | Lair:3   | Reached XP level 14. HP: 120/124 MP: 25/25
 18294 | Lair:3   | Found a staircase to the Snake Pit.
 19353 | Lair:5   | Entered Level 5 of the Lair of Beasts
 19354 | Lair:5   | Noticed Josephine
 19386 | Lair:4   | Killed Josephine
 19411 | Lair:4   | Reached skill level 15 in Axes
 19516 | Lair:4   | HP: 3/124 [death yak (6)]
 19999 | Lair:5   | Found a staircase to the Slime Pits.
 20278 | Lair:4   | Reached XP level 15. HP: 116/130 MP: 26/26
 21459 | D:10     | Reached skill level 16 in Invocations
 22097 | Orc:2    | Bought a ring of see invisible for 240 gold pieces
 22114 | Orc:2    | Bought an amulet of reflection for 420 gold pieces
 22114 | Orc:2    | Upgraded the game from 0.31-a0-1202-ga8fea8b to
                  | 0.31-a0-1204-ge2c1a86
 22122 | Orc:2    | Bought a scroll of teleportation for 42 gold pieces
 22567 | D:11     | Found a stormy altar of Qazlal.
 22670 | D:12     | Found a gate leading to a gauntlet.
 22946 | Gauntlet | Entered a Gauntlet
 22946 | Gauntlet | Found a transporter.
 22946 | Gauntlet | Found a transporter.
 22946 | Gauntlet | Found a large runed translucent door.
 22946 | Gauntlet | Found a large runed translucent door.
 22946 | Gauntlet | Found a large runed translucent door.
 22946 | Gauntlet | Found a large runed translucent door.
 22946 | Gauntlet | Found a large runed translucent door.
 22946 | Gauntlet | Found a large runed translucent door.
 22946 | Gauntlet | Found a runed translucent door.
 22946 | Gauntlet | Found a runed translucent door.
 22946 | Gauntlet | Found a large runed translucent door.
 22946 | Gauntlet | Found a large runed translucent door.
 22946 | Gauntlet | Found a large runed translucent door.
 22946 | Gauntlet | Found a large runed translucent door.
 22946 | Gauntlet | Found a large runed translucent door.
 22946 | Gauntlet | Found a large runed translucent door.
 22950 | Gauntlet | Found a transporter.
 22950 | Gauntlet | Found a transporter.
 22956 | Gauntlet | Found a large runed translucent door.
 22956 | Gauntlet | Found a large runed translucent door.
 22957 | Gauntlet | Found a runed translucent gate.
 22957 | Gauntlet | Found a runed translucent gate.
 22957 | Gauntlet | Found a runed translucent gate.
 22969 | Gauntlet | Found a transporter.
 22979 | Gauntlet | Found a transporter.
 22979 | Gauntlet | Found a transporter.
 23009 | Gauntlet | Found a transporter.
 23016 | Gauntlet | Found a transporter.
 23038 | Gauntlet | Found a transporter.
 23041 | Gauntlet | Found a transporter.
 23083 | Gauntlet | Found a large runed translucent door.
 23083 | Gauntlet | Found a large runed translucent door.
 23086 | Gauntlet | Found a transporter.
 23104 | Gauntlet | Found a transporter.
 23122 | Gauntlet | Found a transporter.
 23226 | Gauntlet | Found a transporter.
 23241 | Gauntlet | Found a transporter.
 23645 | Gauntlet | Identified the amulet "Lapatamuf" {Fly Regen+ rCorr Int+3
                  | Dex-2}
 25294 | D:13     | Noticed Nessos
 25301 | D:13     | Killed Nessos
 25778 | D:14     | Found Xuerev's Antique Weapon Shop.
 25783 | D:14     | Reached skill level 17 in Invocations
 26039 | D:15     | Entered Level 15 of the Dungeon
 26049 | D:14     | Found a portal to a secret trove of treasure.
 26094 | D:14     | Reached XP level 16. HP: 145/145 MP: 28/28
 26467 | D:14     | Found a gate to the Vaults.
 26702 | D:15     | Identified the +2 tower shield of Bely {Rampage *Corrode
                  | rPois Str+6}
 26702 | D:15     | Noticed Louise
 26713 | D:15     | Killed Louise
 26812 | D:15     | Noticed Kirke
 26948 | D:15     | Found a staircase to the Depths.
 27376 | D:15     | Killed Kirke
 27509 | D:15     | Found Lenyidas's General Store.
 27516 | D:15     | Bought a scroll of acquirement for 936 gold pieces
 27522 | D:15     | Acquired 963 gold pieces
 28305 | Snake:1  | Entered Level 1 of the Snake Pit
 28327 | Snake:1  | Reached skill level 18 in Invocations
 28499 | Snake:1  | Identified the +1 scale mail "Xipsen" {rF+ Dex+4}
 28520 | Snake:1  | Reached skill level 15 in Fighting
 28525 | Snake:1  | Found a transporter.
 28527 | Snake:1  | Found a transporter.
 28688 | Snake:1  | Found a transporter.
 28694 | Snake:1  | Found a transporter.
 28702 | Snake:1  | Found a transporter.
 28702 | Snake:1  | Found a transporter.
 29885 | Snake:2  | Found Huan Dozec's Book Shoppe.
 30025 | Snake:2  | Acquired the +0 pair of gloves "Zyedipp" {Fly Str+3 Int+4}
 30214 | Snake:2  | Reached XP level 17. HP: 80/157 MP: 30/30
 30645 | Snake:2  | Identified the +0 helmet of Whack-A-Mole {Str+2}
 31021 | Snake:3  | Reached skill level 19 in Invocations
 31408 | Snake:3  | Identified the +2 scale mail of the Blind Marksman {+Inv
                  | Fly Regen+ Int+2}
 31608 | Snake:3  | Reached skill level 15 in Armour
 32713 | Snake:4  | Entered Level 4 of the Snake Pit
 32813 | Snake:4  | Noticed Vashnia
 32848 | Snake:4  | Killed Vashnia
 32849 | Snake:4  | Reached skill level 20 in Invocations
 33327 | Snake:4  | Noticed Donald
 33339 | Snake:4  | Killed Donald
 33440 | Snake:4  | Reached XP level 18. HP: 95/170 MP: 32/32
 33761 | Snake:4  | Got a serpentine rune of Zot
 33773 | Snake:4  | Reached skill level 1 in Stealth
 34021 | Snake:4  | Identified the +1 quarterstaff of the Winnowing Ancients
                  | {freeze, rCorr Str-2 Int+3}
 35098 | Swamp:1  | Entered Level 1 of the Swamp
 35381 | Swamp:1  | Paralysed by a fenstrider witch for 3 turns
 35386 | Swamp:1  | Reached skill level 5 in Stealth
 35523 | Swamp:1  | You are sucked into a shaft and drop 1 floor!
 35594 | Swamp:2  | Acquired the ring of Jiceluj {rPois MP+9 SInv}
 35960 | Swamp:2  | Reached skill level 21 in Invocations
 36230 | Swamp:2  | Noticed a tentacled monstrosity
 36242 | Swamp:2  | Killed a tentacled monstrosity
 36292 | Swamp:2  | Acquired the +4 chain mail of Free Will {Dex+2 Slay+5 SInv
                  | Stlth-}
 37093 | Swamp:4  | Entered Level 4 of the Swamp
 37479 | Swamp:4  | Reached XP level 19. HP: 154/181 MP: 33/33
 37604 | Swamp:4  | Got a decaying rune of Zot
 37932 | Swamp:4  | Reached skill level 22 in Invocations
 38498 | Vaults:1 | Entered Level 1 of the Vaults
 38714 | Vaults:1 | Found Nuygrog's Jewellery Shop.
 38714 | Vaults:1 | Found Pirphim's General Store.
 38773 | Vaults:1 | Found Jaughurph's Antique Armour Shop.
 38790 | Vaults:1 | Bought the +7 plate armour of Kazud {Will++} for 1501 gold
                  | pieces
 38810 | Vaults:1 | Bought a cloak for 117 gold pieces
 40008 | Vaults:1 | Reached skill level 23 in Invocations
 40020 | Vaults:1 | Reached XP level 20. HP: 193/193 MP: 35/35
 40603 | Vaults:3 | Found Odaroih's Assorted Antiques.
 40611 | Vaults:3 | Bought a scroll of revelation for 195 gold pieces
 40650 | Vaults:3 | Found a crumbling gateway.
 40658 | Desolati | Entered the Desolation of Salt
 41090 | Vaults:2 | Noticed a bone dragon
 41106 | Vaults:2 | Killed a bone dragon
 41110 | Vaults:2 | Found a staircase to the Crypt.
 41535 | Vaults:2 | Reached skill level 24 in Invocations
 41945 | Vaults:2 | Noticed Sojobo
 41947 | Vaults:2 | Upgraded the game from 0.31-a0-1204-ge2c1a86 to
                  | 0.31-a0-1205-g5e5e916
 42686 | Vaults:3 | Reached XP level 21. HP: 205/205 MP: 37/37
 42867 | Vaults:3 | Identified the +0 leather armour "Qeifadorph" {rF+}
 43307 | Vaults:4 | Found a roughly hewn altar of Beogh.
 43633 | Vaults:4 | Reached skill level 25 in Invocations
 43948 | Vaults:4 | Identified the +6 plate armour "Quak" {Fly rC++ rN+ Int+2}
 44398 | Vaults:4 | Found the +8 Vampire's Tooth {megavamp}
 44693 | Vaults:2 | Paralysed by an air elemental for 1 turns
 44716 | Vaults:2 | Paralysed by an air elemental for 1 turns
 44939 | Vaults:2 | Paralysed by an air elemental for 1 turns
 44963 | Vaults:2 | Killed Sojobo
 45081 | Vaults:2 | Found a transporter.
 45092 | Vaults:2 | Found Qewnurem's Antique Weapon Shop.
 45122 | Vaults:2 | Found a transporter.
 45487 | Elf:1    | Entered Level 1 of the Elven Halls
 46421 | Elf:1    | Found a huge runed translucent gate.
 46422 | Elf:1    | Found a huge runed translucent gate.
 46423 | Elf:1    | Found a huge runed translucent gate.
 46423 | Elf:1    | Found a huge runed translucent gate.
 46425 | Elf:1    | Found a huge runed translucent gate.
 46426 | Elf:1    | Found a huge runed translucent gate.
 46426 | Elf:1    | Found a huge runed translucent gate.
 46426 | Elf:1    | Found a huge runed translucent gate.
 46426 | Elf:1    | Found a huge runed translucent gate.
 46426 | Elf:1    | Found a huge runed translucent gate.
 46426 | Elf:1    | Found a huge runed translucent gate.
 46429 | Elf:1    | Found a huge runed translucent gate.
 46430 | Elf:1    | Found a huge runed translucent gate.
 46430 | Elf:1    | Found a huge runed translucent gate.
 46430 | Elf:1    | Found a huge runed translucent gate.
 46431 | Elf:1    | Found a huge runed translucent gate.
 46432 | Elf:1    | Found a huge runed translucent gate.
 46432 | Elf:1    | Found a huge runed translucent gate.
 46432 | Elf:1    | Found a huge runed translucent gate.
 46433 | Elf:1    | Found a huge runed translucent gate.
 46534 | Elf:1    | Reached XP level 22. HP: 217/217 MP: 38/38
 46943 | Elf:2    | Found a runed translucent door.
 46948 | Elf:2    | Noticed Eggoleu's ghost (journeyman DEBr)
 47004 | Elf:2    | Killed Eggoleu's ghost
 47010 | Elf:2    | Identified the ring of Kuheis {EV+5 Dex+3 Stlth+}
 47120 | Elf:2    | Found a runed translucent gate.
 47120 | Elf:2    | Found a runed translucent gate.
 47120 | Elf:2    | Found a runed translucent gate.
 47189 | Elf:2    | Found Roucs's Jewellery Shop.
 47636 | Elf:2    | Reached skill level 26 in Invocations
 48145 | Elf:3    | Entered Level 3 of the Elven Halls
 48219 | Elf:3    | Found Ujaargh's Weapon Boutique.
 48322 | Elf:3    | Identified the +0 chain mail of Vomext {rF++ rN+ Will+}
 49794 | Elf:3    | Identified the +10 falchion "Hileuh" {flame, rElec MP-9
                  | Str+3 Dex+2}
 49975 | Elf:3    | Identified the ring of Tulips {Will+ Dex+6}
 50229 | Elf:3    | Paralysed by an air elemental for 1 turns
 50486 | Elf:3    | Found the +3 giant club "Skullcrusher" {speed, Str+7}
 50979 | D:15     | Learned a level 2 spell: Blink
 50990 | Depths:1 | Entered Level 1 of the Depths
 51076 | Depths:1 | Reached skill level 1 in Translocations
 51077 | Depths:1 | Reached skill level 1 in Spellcasting
 51216 | Depths:1 | Found a gateway to Hell.
 51437 | Depths:1 | Reached skill level 10 in Throwing
 51453 | Depths:1 | Reached XP level 23. HP: 224/229 MP: 40/40
 51892 | Depths:1 | Learned a level 1 spell: Apportation
 51897 | Depths:1 | Learned a level 4 spell: Animate Armour
 52079 | Depths:2 | Reached skill level 1 in Summonings
 52170 | Depths:2 | Reached skill level 1 in Earth Magic
 52320 | Depths:2 | Found a one-way gate leading to the halls of Pandemonium.
 53062 | Depths:2 | Identified the +6 war axe "Jausox" {distort, rF+ Str+6}
 53526 | Depths:3 | Noticed Frederick
 53654 | Depths:3 | Found a one-way gateway to a ziggurat.
 54303 | Depths:3 | Reached skill level 5 in Summonings
 54305 | Depths:3 | Reached skill level 5 in Earth Magic
 54634 | Depths:4 | Entered Level 4 of the Depths
 54769 | Depths:3 | Noticed Mara
 54781 | Depths:3 | Killed Mara
 54784 | Depths:3 | Noticed Vv
 54820 | Depths:3 | Killed Vv
 55710 | Depths:3 | Identified the ring of Woqosieh {Wiz Int+3}
 55741 | Depths:3 | Killed Frederick
 56907 | Depths:4 | Found Rut Beol's Weapon Shop.
 56907 | Depths:4 | Found Yxuqot's Book Boutique.
 56909 | Depths:4 | Found Dukk's Antique Weapon Boutique.
 56911 | Depths:4 | Found Matzoy's Assorted Antiques.
 56920 | Depths:4 | Reached XP level 24. HP: 214/237 MP: 40/40
 56990 | Depths:4 | Bought a book of Geomancy for 476 gold pieces
 56995 | Depths:4 | Learned a level 1 spell: Sandblast
 56998 | Depths:4 | Learned a level 2 spell: Passwall
 57003 | Depths:4 | Learned a level 4 spell: Leda's Liquefaction
 57095 | Depths:4 | Reached skill level 1 in Hexes
 57327 | Depths:4 | Found a gate to the Realm of Zot.
 58354 | D:15     | Acquired the +7 battleaxe "Xotzac" {heavy, rF+ Dex+4}
 59075 | Vaults:5 | Entered Level 5 of the Vaults
 59334 | Vaults:5 | Reached skill level 5 in Hexes
 59334 | Vaults:5 | Noticed a dread lich
 59391 | Vaults:4 | Killed a dread lich
 59732 | Vaults:5 | Reached skill level 10 in Summonings
 59732 | Vaults:5 | Reached skill level 10 in Earth Magic
 60398 | Vaults:5 | Identified the +3 flail "Zaank" {heavy, rElec Str+3}
 60413 | Vaults:5 | Reached XP level 25. HP: 201/240 MP: 40/40
 60446 | Vaults:5 | Identified the +1 triple crossbow of Ru's Scorn {penet,
                  | ^Contam Fly Dex+6 Stlth+}
 60615 | Vaults:5 | Reached skill level 27 in Invocations
 60900 | Vaults:5 | Identified the +0 scale mail of Reason {rElec rPois Stlth+}
 60934 | Vaults:5 | Identified the +10 battleaxe "Zost" {antimagic, rElec}
 60934 | Vaults:5 | Identified the +2 leather armour "Siwuudal" {Fly rC+ Int+3}
 60934 | Vaults:5 | Identified the ring of the Greedy {rC+ Str+2}
 61071 | Vaults:5 | Got the Folio of the Congealing Bonfire
 61074 | Vaults:5 | Got the Spellbook of the Throng
 61077 | Vaults:5 | Got Joosuips's Treatise on Sidekicks
 61110 | Vaults:5 | Learned a level 5 spell: Summon Mana Viper
 61321 | Vaults:5 | Identified the +7 chain mail of Amorality {Harm Str+3}
 61522 | Vaults:5 | Identified the ring of Laxipyv {Str+6 Dex+4}
 61534 | Vaults:5 | Identified the +5 chain mail of Reloich {Str+4}
 61575 | Vaults:5 | Got a silver rune of Zot
 62218 | Snake:2  | Bought Gaingatt's Codex of Dried Tears for 616 gold pieces
 62852 | Crypt:1  | Entered Level 1 of the Crypt
 64072 | Crypt:2  | Noticed Zenata
 64086 | Crypt:2  | Killed Zenata
 64257 | Crypt:3  | Entered Level 3 of the Crypt
 65001 | Crypt:2  | Found an ancient bone altar of Kikubaaqudgha.
 65417 | Crypt:3  | Identified the +3 hand axe of Gozag, Hurting {protect, rF+
                  | Int+4 Stlth+}
 65704 | Crypt:3  | Noticed Saint Roka
 65718 | Crypt:3  | HP: 9/238 [Saint Roka/+1 dire flail of draining (8)]
 65754 | Crypt:3  | Killed Saint Roka
 65916 | Crypt:3  | Found a basalt altar of Yredelemnul.
 66498 | Crypt:3  | Identified the ring of Payd {rC- rN+ Dex+6}
 66498 | Crypt:3  | Identified the ring "Ivinkeh" {rPois rN+ rCorr Str+3}
 66667 | Crypt:3  | Found a staircase to the Tomb.
 66673 | Crypt:3  | Identified the scarf of the Grue {rC+ rF+, Dex+6 Slay-3}
 66715 | Crypt:3  | Reached skill level 15 in Shields
 66822 | Crypt:3  | Reached XP level 26. HP: 215/248 MP: 40/40
 67446 | Crypt:3  | Identified the +0 chain mail of Reijeab {rElec}
 67449 | Crypt:3  | Identified the +6 mace of Inference {freeze, ^Fragile rElec
                  | rPois rN+}
 67876 | Hell     | Entered the Vestibule of Hell
 67877 | Hell     | Noticed Geryon
 68966 | Hell     | Killed Geryon
 68979 | Hell     | Reached skill level 5 in Spellcasting
 69150 | Hell     | Found a gateway to the ashen valley of Gehenna.
 69625 | Hell     | Found a gateway to the freezing wastes of Cocytus.
 69694 | Hell     | Learned a level 3 spell: Stone Arrow
 70043 | Hell     | Found a gateway to the decaying netherworld of Tartarus.
 70418 | Zot:1    | Entered Level 1 of the Realm of Zot
 71049 | Zot:1    | Learned a level 6 spell: Summon Cactus Giant
 71100 | Zot:1    | Reached skill level 15 in Summonings
 71469 | Zot:1    | Donated 1794 gold pieces to Zin
 72517 | Zot:2    | Reached XP level 27. HP: 238/252 MP: 40/40
 73461 | Zot:3    | Noticed Parghit
 73678 | Zot:2    | Killed Parghit
 75153 | Zot:3    | Identified the +6 great sword of Invincibility {heavy, rC+
                  | Int+2 Dex+3}
 75614 | Zot:4    | Reached skill level 15 in Throwing
 76127 | Zot:4    | Identified the +5 scale mail of Action {Rampage rC++
                  | Regen+}
 76595 | Zot:5    | Entered Level 5 of the Realm of Zot
 76937 | Zot:4    | Identified the ring of Wepontunt {EV+5 Int+2 Dex-2 Slay+2
                  | SInv}
 76938 | Zot:4    | Identified the +1 war axe of the Dragonfly {flame, rF+
                  | Int+2}
 77717 | Zot:5    | Found Pumoipre's Last-Chance Deals.
 77726 | Zot:5    | Bought the amulet of Liewneg {Reflect Rampage Fly rPois
                  | SH+5} for 1 gold piece
 77726 | Zot:5    | Bought the +3 executioner's axe of Heilen {heavy, Str+3
                  | Stlth+} for 1 gold piece
 77726 | Zot:5    | Bought the amulet of Ipagoanu {Reflect rC++ Dex-2 SH+5} for
                  | 1 gold piece
 78489 | Zot:5    | Noticed a dread lich
 78561 | Zot:5    | Paralysed by a dread lich for 4 turns
 78570 | Zot:5    | Killed a dread lich
 78641 | Zot:5    | Noticed an ancient lich
 78649 | Zot:5    | Noticed an orb of fire
 78682 | Zot:5    | Killed an ancient lich
 79031 | Zot:5    | Noticed an ancient lich
 79094 | Zot:5    | Killed an ancient lich
 79359 | Zot:5    | Noticed an orb of fire
 79405 | Zot:5    | Killed an orb of fire
 79565 | Zot:5    | Killed an orb of fire
 80214 | Zot:5    | Noticed an ancient lich
 80223 | Zot:5    | Noticed an orb of fire
 80897 | Zot:5    | Gained mutation: Potions are less effective at restoring
                  | your health. [an orb of fire]
 80922 | Zot:5    | Killed an orb of fire
 81389 | Zot:5    | Killed an ancient lich
 81448 | Zot:5    | Noticed a dread lich
 81489 | Zot:5    | Paralysed by a dread lich for 5 turns
 81498 | Zot:5    | Paralysed by a dread lich for 2 turns
 81501 | Zot:5    | Killed a dread lich
 81693 | Zot:5    | Donated 1134 gold pieces to Zin
 82939 | Zot:5    | Got the Orb of Zot
 83035 | Zot:2    | Noticed Wissemyl the pandemonium lord
 83086 | Zot:1    | Noticed Tuac Num the pandemonium lord
 83168 | Depths:4 | Noticed Xevidghiet the pandemonium lord
 83323 | D:15     | Noticed Moupn the pandemonium lord
 83387 | D:14     | Noticed Inarep the pandemonium lord
 83702 | D:7      | Donated 567 gold pieces to Zin
 83772 | D:5      | Noticed Baen the pandemonium lord
 83928 | D:2      | Noticed Beeleh the pandemonium lord
 83930 | D:2      | Noticed an ancient lich
 83936 | Abyss:5  | Cast into level 5 of the Abyss (Beeleh)
 83937 | Abyss:5  | Donated 284 gold pieces to Zin
 84243 | Abyss:6  | Donated 142 gold pieces to Zin
 84293 | Abyss:6  | HP: 13/266 [starcursed mass/accursed screaming (7)]
 84294 | Abyss:6  | HP: 3/266 [starcursed mass/accursed screaming (10)]
 84299 | Abyss:6  | Zin protects you from harm!
 84301 | Abyss:6  | Killed from afar by a smoke demon

Illustrated notes

Levels and vault maps discovered:
D:1:      heliophobic_arrival_glass_houses, layout_loops_ring, serial_shops,
          shop, minivault_23, minmay_unequal
D:2:      layout_basic, uniq_sigmund, uniq_terence
D:3:      layout_basic, serial_shops, nicolae_shop_bloodbath_and_beyond
D:4:      cheibrodos_helix_gallery, layout_basic, temple_doors_ab,
          enter_ossuary_5, serial_bayou_pond_e
D:5:      layout_basic, gammafunk_ghost_abyssal_escape, minmay_misc_feat_plants,
          uniq_menkaure
D:6:      layout_loops_cross, nicolae_hexahallways, uniq_duvessa
D:7:      layout_gridville, nicolae_hepliaklqana_monster_ancestors,
          minmay_stone_trees_small, fountainhead, minmay_diced_spiral
D:8:      cheibrodos_shockbox, layout_gridville, nicolae_ru_path_of_blood,
          erik_lair_dragon, uniq_joseph
D:9:      layout_basic, mainiacjoe_overflow_alcove_1, dk_vineyard_3
D:10:     layout_basic, chequers_temple_overflow_statue_of_worship, orc_0_dummy
D:11:     layout_small_grid, grunt_qazlal_sundering
D:12:     kennysheep_big_flooded_room, layout_loops_ring,
          gauntlet_entry_generic, minmay_more_statues
D:13:     layout_irregular_city, uniq_nessos
D:14:     layout_rooms, grunt_vaults_entry_fortified, minivault_11,
          nicolae_trove_entry_columns, nicolae_take_the_stairs
D:15:     grunt_enter_depths_giant_problem, layout_irregular_city,
          palyth_stone_intersect, serial_shops, shop, uniq_kirke, uniq_louise
Temple:   nicolae_temple_bog_church
Lair:1:   layout_regular_city, beast_lair_carwin_2, grunt_megastairs_2,
          uniq_urug
Lair:2:   layout_hall_layers, nicolae_swamp_entry_splash_gauntlet,
          ebering_ghost_xom
Lair:3:   dpeg_oklob_gauntlet, layout_layer_cave, alex1729_snake_entry_snake,
          serial_bayou_shore_a, infiniplex_staircase_pool_2
Lair:4:   layout_regular_city, grunt_forest_stairs_basic
Lair:5:   grunt_lair_end_beastmaster, layout_gridlike, dpeg_slime_entry_corner,
          grunt_megastairs_4, uniq_josephine
Swamp:1:  layout_basic_swamp, evilmike_swamp_ruin_house_3, swamp_pool_3,
          nicolae_swamp_vermiculated
Swamp:2:  layout_falls_marsh, evilmike_swamp_ruin_rubble_1, swamp_pool_1_2,
          hangedman_swamp_dais
Swamp:3:  layout_basic_swamp, evilmike_swamp_ruin_house_2, swamp_pool_5
Swamp:4:  swamp_basic_johnstein, layout_basic_swamp
Snake:1:  layout_layer_cave, nicolae_snake_gridmaze_zigzag, st_stairs_6,
          serial_nicolae_subway, nicolae_sub_station_metal,
          nicolae_sub_station_stone, nicolae_sub_station_crystal
Snake:2:  layout_grid_shapes, serial_bayou, serial_bayou_lagoon_b,
          serial_bayou_lagoon_a, serial_bayou_lake_a, serial_bayou_pond_c,
          serial_bayou_crossing, serial_shops, shop
Snake:3:  layout_chambers
Snake:4:  snake_pit, layout_gridlike, special_room, uniq_vashnia, uniq_donald
Orc:1:    layout_caves, portal_ice_cave_entry_pillars_1, serial_shops, shop
Orc:2:    st_orc_congregation, layout_diamond_mine, basic_altar, serial_shops,
          nicolae_shop_hallway_plus
Elf:1:    eino_elf_arrival_shootout, layout_loops_corners,
          hangedman_elf_represent
Elf:2:    nicolae_elf_blades_crystal_corner, layout_loops_corners,
          ebering_ghost_reflecting_pool, minmay_shop_grid_forest,
          grunt_ministairs_11
Elf:3:    minmay_elf_hall_curves, layout_loops_corners, serial_shops,
          nicolae_shop_back_alley_shop
Vaults:1: vaults_standard_mumra_x, vaults_dpeg_doors, v_rooms_4,
          nicolae_vaults_trapezoid_3, grunt_vaults_twisty,
          hangedman_vaults_hard_town_square,
          nicolae_vaults_offset_grid_hallway_2, v_misc_27,
          vaults_mumra_minichess, nicolae_vaults_diagonal_hallway_8,
          nicolae_vaults_trapezoid_lopsided_3, layout_vaults_chaotic_city
Vaults:2: minmay_crypt_entry_nasty_monster, v_misc_32, v_pattern_3,
          hangedman_vaults_river_flow, nicolae_vaults_yaktaur_gun_rack,
          vaults_mumra_hex, ontoclasm_vaults_decontamination,
          nicolae_vaults_storage_closets_3, layout_vaults_omnibox, serial_shops,
          nicolae_shop_drivethru, uniq_sojobo
Vaults:3: portal_desolation_entry_garden, grunt_vaults_hallway_long,
          hangedman_vaults_cutoff, ontoclasm_vaults_hangar,
          hangedman_vaults_pinch, vaults_room_door_ring,
          ontoclasm_vaults_ring_small, nicolae_vaults_branching_niches,
          ontoclasm_vaults_gateway, layout_vaults_big_cross, serial_shops, shop
Vaults:4: special_room_vaults [special_room_orc], nicolae_vaults_triangles,
          nicolae_vaults_closet_pinwheel_6, hangedman_vaults_hat,
          nicolae_vaults_trapezoid_lopsided_1, v_misc_16, layout_vaults_omnigrid
Vaults:5: serial_shops
Crypt:1:  layout_gridlike, serial_sigils_hangedman_quiver, grunt_ministairs_14,
          grunt_crypt_arrival_webbed
Crypt:2:  cheibrodos_crypt_down_in_the_bonehoard, layout_gridlike, uniq_zenata
Crypt:3:  evilmike_haunted_forest, uniq_saint_roka
Depths:1: layout_cave_pools, hell_entry, grunt_ministairs_15,
          nicolae_figureground_pulse
Depths:2: cross_vault, layout_cave_pools, kennysheep_flooded_box, pan_entry,
          hell_entry, hangedman_abyss_entry_splay, infiniplex_staircase_pool_1
Depths:3: grunt_double_whammy, layout_gridville, enter_ziggurat_d, abyss_entry,
          corexii_corridor_pit, hangedman_coc_ice_floe, uniq_frederick,
          uniq_mara, uniq_vv
Depths:4: grunt_zot_entry_funnels, layout_cross, grunt_hell_entry_dis_old,
          minmay_shoptagon
Hell
Zot:1:    layout_misc_corridors, grunt_megastairs_1
Zot:2:    layout_cathedral_of_symmetry, grunt_megastairs_5
Zot:3:    layout_misc_corridors, regret_index_zotdec_bone_old,
          hangedman_zot_spectrum, uniq_parghit
Zot:4:    kennysheep_oblong_rooms, layout_misc_corridors, zot_minivault_1
Zot:5:    layout_gridlike, hellmonk_bargain_basement
Abyss:6:  base: D:2, base: Depths:3, base: Temple,
          nicolae_abyss_rune_left_handed, evilmike_abyss_exit_plants,
          evilmike_abyss_exit_15, dshaligram_kb_abyss_rune_zappy_water_cross,
          due_exit_kobolds, hangedman_abyss_or_decor_lesser_grid,
          hangedman_abyss_batty_box, grunt_abyss_rune_wretched_hive,
          hangedman_abyss_batty_box, spicy_pingpong_abyss_rune

Skill      XL: |  1  2  3  4  5  6  7  8  9 10 11 12 13 14 15 16 17 18 19 20 21 22 23 24 25 26 27 |
---------------+----------------------------------------------------------------------------------+-----
Axes           | 3 4 5 7 8 9 10 13 14 18 | 18.0
Invocations    | 2 4 6 9 10 12 14 15 17 18 20 21 23 24 25 26 27 | 27.0
Fighting       | 5 7 8 10 11 13 15 17 18 20 21 22 23 25 | 25.1
Armour         | 5 7 9 10 12 14 15 17 18 19 21 23 | 23.1
Shields        | 6 10 11 15 | 15.3
Throwing       | 7 9 10 12 19 | 19.4
Stealth        | 5 |  5.0
Translocations | 2 |  2.1
Spellcasting   | 1 6 |  6.9
Summonings     | 6 10 13 16 18 | 18.1
Earth Magic    | 6 10 | 10.7
Hexes          | 7 |  7.8

Action                     |  1- 3 |  4- 6 |  7- 9 | 10-12 | 13-15 | 16-18 | 19-21 | 22-24 | 25-27 || total
---------------------------+-------+-------+-------+-------+-------+-------+-------+-------+-------++-------
  Melee: War axe           |    93 |    33 |       |       |       |       |       |       |       ||   126
         Hand axe          |       |    50 |   193 |   393 |     5 |    33 |       |       |   215 ||   889
         Broad axe         |       |       |       |    83 |   774 |   845 |  1163 |  1245 |  2690 ||  6800
  Throw: Javelin           |       |       |       |       |    11 |    23 |     6 |     5 |    14 ||    59
         Throwing net      |       |       |       |       |     2 |     3 |       |       |       ||     5
         Boomerang         |       |       |       |       |    14 |    48 |    36 |       |       ||    98
   Cast: Animate Armour    |       |       |       |       |       |       |       |     2 |    12 ||    14
         Sandblast         |       |       |       |       |       |       |       |     1 |       ||     1
         Stone Arrow       |       |       |       |       |       |       |       |       |     7 ||     7
         Summon Cactus Gia |       |       |       |       |       |       |       |       |    17 ||    17
         Summon Mana Viper |       |       |       |       |       |       |       |       |     8 ||     8
 Invoke: Recite            |       |       |     4 |     6 |    20 |    30 |    31 |    38 |    60 ||   189
         Vitalisation      |       |       |       |       |     4 |     1 |     2 |     4 |     8 ||    19
         Sanctuary         |       |       |       |       |     2 |       |     1 |       |    10 ||    13
         Imprison          |       |       |       |       |       |     1 |     3 |     5 |    13 ||    22
         Donate Gold       |       |       |       |       |       |       |       |       |     5 ||     5
  Evoke: Wand              |       |       |       |       |       |       |       |       |     3 ||     3
    Use: Potion            |     1 |     2 |     2 |     4 |     7 |     3 |     2 |     1 |    17 ||    39
         Scroll            |       |       |    11 |     9 |    13 |     5 |     5 |     8 |    23 ||    74
   Stab: Confused          |       |       |     1 |       |     6 |    30 |    32 |    53 |    63 ||   185
         Paralysed         |       |       |       |     1 |    22 |    16 |    16 |    11 |     8 ||    74
         Invisible         |       |       |       |     1 |     5 |     2 |       |     4 |     1 ||    13
         Petrified         |       |       |       |       |     2 |     4 |       |       |       ||     6
         Petrifying        |       |       |       |       |       |     2 |       |       |       ||     2
         Distracted        |       |       |       |       |       |     1 |       |       |     3 ||     4
 Armour: Scale mail        |    65 |    38 |       |       |       |       |       |       |       ||   103
         Chain mail        |       |    24 |    67 |    10 |   620 |   513 |   220 |       |       ||  1454
         Plate armour      |       |       |    61 |   350 |       |       |   698 |   854 |  1324 ||  3287
         Gold dragon scale |       |       |       |       |       |       |       |       |  1118 ||  1118
  Dodge: Dodged            |    56 |    24 |    49 |   125 |   191 |   136 |   277 |   344 |   691 ||  1893
  Block: Buckler           |    29 |    10 |    22 |    42 |       |       |       |       |       ||   103
         Tower shield      |       |       |       |   122 |   835 |   776 |  1096 |  1316 |  2941 ||  7086
         Reflection        |       |       |       |       |       |    83 |     6 |    47 |    13 ||   149

Table legend: (Time is in decaauts)
 A = Elapsed time spent in this place.
 B = Non-inter-level travel time spent in this place.
 C = Inter-level travel time spent in this place.
 D = Time resting spent in this place.
 E = Time spent auto-exploring this place.
 F = Levels seen in this place.
 G = Mean time per level.
                   A        B        C        D        E       F      G
               +--------+--------+--------+--------+--------+-----+--------+
         Total |  83771 |  73343 |  10428 |  20272 |  28292 |  58 | 1444.3 |
       Dungeon |  21038 |  15950 |   5088 |   3111 |   8091 |  15 | 1402.5 |
        Temple |     44 |     44 |      0 |      0 |      0 |   1 |   44.0 |
          Lair |   8472 |   7396 |   1076 |   2221 |   3334 |   5 | 1694.4 |
         Swamp |   2970 |   2794 |    176 |    316 |   1208 |   4 |  742.5 |
     Snake Pit |   5916 |   5571 |    345 |   1399 |   2984 |   4 | 1479.0 |
  Orcish Mines |   2353 |   2004 |    349 |    299 |    738 |   2 | 1176.5 |
   Elven Halls |   4681 |   4056 |    625 |    625 |   1953 |   3 | 1560.3 |
        Vaults |   9274 |   8636 |    638 |   1883 |   3371 |   5 | 1854.8 |
         Crypt |   4709 |   4407 |    302 |   1150 |   1471 |   3 | 1569.7 |
        Depths |   8680 |   7673 |   1007 |   3714 |   2343 |   4 | 2170.0 |
          Hell |   1029 |    993 |     36 |    245 |    174 |   1 | 1029.0 |
           Zot |  11965 |  11185 |    780 |   4876 |   2414 |   5 | 2393.0 |
         Abyss |    326 |    326 |      0 |     36 |      0 |   2 |  163.0 |
       Ossuary |    413 |    413 |      0 |     90 |      0 |   1 |  413.0 |
      Ice Cave |    832 |    832 |      0 |    213 |    211 |   1 |  832.0 |
    Desolation |    159 |    159 |      0 |     41 |      0 |   1 |  159.0 |
      Gauntlet |    902 |    902 |      0 |     50 |      0 |   1 |  902.0 |
               +--------+--------+--------+--------+--------+-----+--------+

Top non-repeatable levels by time:
   Zot:5: 4017 daAuts
    D:15: 3382 daAuts
     D:8: 2949 daAuts
Depths:1: 2546 daAuts
  Lair:2: 2464 daAuts
   Zot:4: 2412 daAuts
   Zot:3: 2333 daAuts
Depths:3: 2330 daAuts
 Crypt:3: 2231 daAuts
   Zot:2: 2090 daAuts
Depths:2: 2073 daAuts
Vaults:4: 2040 daAuts
Vaults:5: 2036 daAuts
Vaults:3: 1939 daAuts
  Lair:1: 1930 daAuts
